 Dungeon Crawl Stone Soup version 0.28.0-56-g4927b6849a (webtiles) character file.

Game seed: 535871978979307721

46984 Atelerd the Thaumaturge (level 14, -3/88 HPs)
             Began as an Octopode Earth Elementalist on Jan 26, 2023.
             Was an Elder of Sif Muna.
             Slain by a slime creature (15 damage)
             ... on level 15 of the Dungeon.
             The game lasted 00:50:05 (23878 turns).

Atelerd the Thaumaturge (OpEE)                     Turns: 23878, Time: 00:50:06

Health: -3/88      AC:  5    Str: 27    XL:     14   Next: 39%
Magic:  27/30      EV: 20    Int: 27    God:    Sif Muna [****..]
Gold:   1665       SH:  0    Dex: 15    Spells: 3/37 levels left

rFire   + . .      SeeInvis .   I - +6 short sword (flame)
rCold   + . .      Faith    .   (no shield)
rNeg    + + +      Spirit   .   (helmet restricted)
rPois   +          Reflect  .   g - amulet of the acrobat
rElec   +          Harm     .   e - +4 ring of evasion
rCorr   +          Rampage  .   j - ring of positive energy
Will    +....                   y - +4 ring of protection
Stlth   ++++++....              z - +6 ring of strength
HPRegen 0.24/turn               Q - ring "Kuciceic" {rN+ Str+6}
MPRegen 0.22/turn               S - ring "Midwosi" {Fly rElec rN+ rCorr Int+6}
                                T - ring "Kenut" {rPois rN+ Str+3}
                                U - ring of Meamirghi {rF+ rC+ Str+4 Dex+2}

@: flying
A: almost no armour, amphibious, 8 rings, camouflage 1, gelatinous body 1,
(nimble swimmer 1), tentacles
a: Renounce Religion, Channel Magic, Forget Spell, Divine Exegesis


You were on level 15 of the Dungeon.
You worshipped Sif Muna.
Sif Muna was greatly pleased with you.
You visited 3 branches of the dungeon, and saw 19 of its levels.
You also visited: Sewer and Bailey.

You collected 1707 gold pieces.
You spent 42 gold pieces at shops.

Inventory:

Hand Weapons
 a - a +0 dagger
 k - a +1 short sword of protection
 I - a +6 short sword of flaming (weapon)
Missiles
 b - 99 stones
Armour
 R - a +0 buckler
Magical Staves
 t - a staff of earth
Jewellery
 d - a ring of ice
 e - a +4 ring of evasion (left tentacle)
 g - an amulet of the acrobat (around mantle)
 i - an amulet of faith
 j - a ring of positive energy (right tentacle)
 u - a ring of ice
 y - a +4 ring of protection (on tentacle)
 z - a +6 ring of strength (on tentacle)
 C - a ring of ice
 Q - the ring "Kuciceic" (on tentacle) {rN+ Str+6}
   (You found it on level 14 of the Dungeon)

   [ring of strength]

   Str:       It affects your strength (+6).
   rN:        It protects you from negative energy.
 S - the ring "Midwosi" (on tentacle) {Fly rElec rN+ rCorr Int+6}
   (You found it on level 14 of the Dungeon)

   [ring of intelligence]

   Int:       It affects your intelligence (+6).
   rElec:     It insulates you from electricity.
   rN:        It protects you from negative energy.
   Fly:       It grants you flight.
   rCorr:     It protects you from acid and corrosion.
 T - the ring "Kenut" (on tentacle) {rPois rN+ Str+3}
   (You found it on level 14 of the Dungeon)

   [ring of positive energy]

   Str:       It affects your strength (+3).
   rPois:     It protects you from poison.
   rN:        It protects you from negative energy.
 U - the ring of Meamirghi (on tentacle) {rF+ rC+ Str+4 Dex+2}
   (You found it on level 14 of the Dungeon)

   [ring of protection from cold]

   Str:       It affects your strength (+4).
   Dex:       It affects your dexterity (+2).
   rF:        It protects you from fire.
   rC:        It protects you from cold.
Wands
 r - a wand of digging (4)
 E - a wand of flame (19)
 F - a wand of polymorph (5)
 O - a wand of iceblast (9)
 V - a wand of mindburst (4)
 W - a wand of acid (5)
Scrolls
 h - 3 scrolls of magic mapping
 m - 3 scrolls of blinking
 q - a scroll of fog
 w - 2 scrolls of enchant armour {unknown}
 B - a scroll of summoning {unknown}
 D - 2 scrolls of amnesia {unknown}
 L - 4 scrolls of teleportation
Potions
 c - 3 potions of haste
 l - 2 potions of attraction
 n - 5 potions of degeneration {unknown}
 o - 10 potions of ambrosia
 p - 5 potions of might
 s - 2 potions of berserk rage {unknown}
 v - 3 potions of heal wounds
 x - 4 potions of curing {unknown}
 A - 2 potions of brilliance
 H - 5 potions of flight
 J - 2 potions of resistance {unknown}
 K - 2 potions of invisibility {unknown}
 M - 2 potions of mutation {unknown}
 N - 2 potions of lignification {unknown}
 P - a potion of cancellation {unknown}
Miscellaneous
 G - a box of beasts


   Skills:
 - Level 5.0 Fighting
 - Level 5.0 Short Blades
 + Level 6.3 Dodging
 * Level 10.4 Stealth
 - Level 5.0 Shields
 + Level 12.4 Spellcasting
 - Level 3.0 Conjurations
 - Level 2.0 Summonings
 - Level 7.0 Transmutations
 - Level 2.0 Fire Magic
 + Level 2.5 Ice Magic
 - Level 3.0 Air Magic
 - Level 12.0 Earth Magic
 - Level 3.1 Poison Magic
 * Level 8.0 Invocations
 - Level 2.0 Evocations


You had 3 spell levels left.
You knew the following spells:

 Your Spells              Type           Power      Damage    Failure   Level
a - Sandblast             Erth           100%       2d20      1%          1
c - Iron Shot             Conj/Erth      27%        9d6       24%         6
d - Freezing Cloud        Conj/Ice/Air   16%        6-21      28%         5
e - Olgreb's Toxic Radia  Pois           33%        N/A       9%          4
f - Ignite Poison         Fire/Tmut/Pois 38%        N/A       1%          3
l - Lee's Rapid Deconstr  Erth           34%        3d18*     1%          5
p - Petrify               Tmut/Erth      61%        N/A       1%          4
s - Statue Form           Tmut/Erth      40%        N/A       11%         6

Your spell library contained the following spells:

 Spells                   Type           Power      Damage    Failure   Level
 Magic Dart               Conj           100%       1d8       1%          1
 Shock                    Conj/Air       100%       1d9       1%          1
 Passwall                 Tmut/Erth      50%        N/A       1%          2
 Searing Ray              Conj           64%        2d6       1%          2
 Wereblood                Tmut           53%        N/A       1%          2
 Stone Arrow              Conj/Erth      100%       3d13      1%          3
 Frozen Ramparts          Ice            60%        1d8       3%          3
 Mephitic Cloud           Conj/Pois/Air  33%        N/A       3%          3
 Swiftness                Air            32%        N/A       3%          3
 Sublimation of Blood     Necr           16%        N/A       4%          2
 Summon Guardian Golem    Hex/Summ       22%        N/A       7%          3
 Leda's Liquefaction      Hex/Erth       24%        N/A       2%          4
 Ice Form                 Ice/Tmut       42%        N/A       4%          4
 Airstrike                Air            16%        N/A       10%         4
 Hailstorm                Conj/Ice       31%        3d8       11%         4
 Summon Ice Beast         Ice/Summ       29%        N/A       13%         4
 Fulminant Prism          Conj/Hex       12%        3d9       19%         4
 Iskenderun's Battlesphe  Conj           32%        2d8       26%         5
 Simulacrum               Ice/Necr       11%        N/A       97%         6
 Orb of Destruction       Conj           16%        9d7       100%        7
 Ozocubu's Refrigeration  Ice            15%        4d8       100%        7
 Spellforged Servitor     Conj/Summ      15%        N/A       100%        7
 Summon Hydra             Summ           13%        N/A       100%        7
 Ignition                 Fire           13%        3d6       100%        8


Dungeon Overview and Level Annotations

Branches:
Dungeon (15/15)            Temple (1/1) D:5            Lair (3/6) D:11
    Orc (0/2) D:12         Vaults (0/5) D:14          Sewer (visited)
 Bailey (visited)
  Swamp: Lair:2-4    Shoals: Lair:2-4     Snake: Lair:2-4    Spider: Lair:2-4
 Depths: D:15

Altars:
Ashenzari
Cheibriados
Dithmenos
Elyvilon
Fedhas
Gozag
Hepliaklqana
Kikubaaqudgha
Makhleb
Nemelex Xobeh
Okawaru
Qazlal
Ru
Sif Muna
Trog
Uskayaw
Vehumet
Xom
Yredelemnul
Zin
The Shining One

Shops:
D:6 (   D:11 *   D:13 [

Portals:
Abyss: D:3

Annotations:
D:2 exclusion: downstairs
D:3 2 transporters, Venard's ghost, amateur MiFi
D:7 exclusion: downstairs
D:11 exclusion: downstairs
D:12 2 runed translucent doors, exclusion: orange crystal statue
D:14 1 runed translucent door
Lair:2 Gastronok
Lair:3 Rupert


Innate Abilities, Weirdness & Mutations

You cannot wear most types of armour.
You are amphibious.
You can wear up to eight rings at the same time.
Your skin changes colour to match your surroundings (Stealth+).
Your rubbery body absorbs attacks. (AC +1, EV +1)
((You are camouflaged when in or above water. (Stealth+)))
You have tentacles for arms and can constrict up to eight enemies at once.


Message History

The dire elephant misses you.
The dire elephant tramples you but does no damage.
The dire elephant misses you.
A large slime creature splits.
Casting: Olgreb's Toxic Radiance (dangerous; 9% risk of failure)
Confirm with . or Enter, or press ? or * to list all spells.
You ignite the poison in your surroundings!
The dire elephant seems to burn from within!!!
You kill the dire elephant!
Sif Muna accepts your kill.
The slime creature hits you but does no damage. x2
Your Invocations skill increases to level 8!
Unknown command.
Unknown command.
The slime creature closely misses you.
The slime creature completely misses you.
The slime creature hits you.
The slime creature completely misses you.
Casting: Ignite Poison (safe; 1% risk of failure)
Confirm with . or Enter, or press ? or * to list all spells.
Okay, then.
You puncture the slime creature! You burn the slime creature.
You squeeze the slime creature!
The slime creature is moderately wounded.
The slime creature barely misses you.
The slime creature hits you but does no damage.
The slime creature hits you.
You impale the slime creature!! You burn the slime creature.
You squeeze the slime creature, but do no damage.
The slime creature is severely wounded.
The slime creature hits you but does no damage. x2
You are too injured to fight recklessly!
You are too injured to fight recklessly!
Casting: Ignite Poison (safe; 1% risk of failure)
Confirm with . or Enter, or press ? or * to list all spells.
You don't know that spell.
You revert to your normal fleshy form.
The slime creature hits you. The slime creature hits you!!
* * * LOW HITPOINT WARNING * * *
The slime creature misses you. The slime creature hits you!
You die...

##...### '........ #....'..
........ #....#.. ......#####
.+....#.. .
......#...#..#....#.. .......
.....#...#..#....#'#
.......#####...#...#..#.......
.......#...#...###'#..#.....##
.......'...#.@........#.....#
.......#...#.JJ.......#.....#
.......###'#..........#.....#
......................#.....##
....................###.......
....#...###..######.#.........
. #.≈.#..#)#....'.###.......
#...#..#.#....#...#......#
+###.###.#....#...#......#


You could see 2 slime creatures.

Vanquished Creatures
  A dire elephant (D:15)
  4 boulder beetles
  2 hydras
  An ogre mage (D:9)
  A catoblepas (D:12)
  A death knight (D:14)
  5 centaur warriors
  2 two-headed ogres
  6 tengu warriors
  Sonja (Lair:2)
  A deep elf knight (D:14)
  A fire crab (shapeshifter) (D:14)
  A steelbarb worm (shapeshifter) (D:14)
  A flayed ghost (D:9)
  4 ugly things
  3 deep elf pyromancers
  A wolf spider (D:15)
  2 manticores (D:14)
  4 cyclopes
  A faun (shapeshifter) (D:14)
  Maurice (D:8)
  A black mamba (Lair:1)
  A guardian serpent (shapeshifter) (D:14)
  2 gargoyles
  5 komodo dragons
  7 cane toads
  2 unseen horrors
  3 rime drakes
  A yaktaur (D:14)
  A tengu conjurer (D:13)
  6 trolls
  A queen bee (Lair:3)
  4 slime creatures
  A wind drake (shapeshifter) (D:15)
  A tarantella (shapeshifter) (D:14)
  3 blink frogs (Lair:3)
  Prince Ribbit (D:5)
  A shadow (D:13)
  28 yaks
  2 basilisks (D:14)
  3 wyverns
  A fire elemental (D:14)
  12 vampire mosquitoes
  Menkaure (D:7)
  7 water moccasins
  An acid dragon (D:9)
  A floating eye (shapeshifter) (D:14)
  2 black bears
  7 orc warriors
  An ice beast (D:6)
  2 sky beasts
  3 necrophages (D:7)
  An ogre (D:7)
  A boggart (D:14)
  7 wolves
  A kobold brigand (D:7)
  11 bullfrogs
  30 killer bees
  2 electric eels
  10 wights
  3 howler monkeys (D:10)
  4 bullfrog zombies
  4 centaur zombies
  A human zombie (D:7)
  5 hounds
  2 jellies
  8 orc priests
  2 bullfrog skeletons
  A gnoll shaman (D:8)
  7 orc wizards
  2 iguanas
  3 killer bee zombies
  2 hound skeletons
  A mummy (D:7)
  10 gnolls
  12 adders
  A worm (D:3)
  3 dart slugs (D:2)
  70 orcs
  9 endoplasms
  9 giant cockroaches
  7 hobgoblins
  6 jackals
  13 quokkas
  19 ball pythons
  A bat (D:2)
  8 frilled lizards
  17 goblins
  20 kobolds
  6 rats (D:1)
475 creatures vanquished.

Vanquished Creatures (others)
  22 fungi
  22 plants
44 creatures vanquished.

Grand Total: 519 creatures vanquished

Notes
Turn   | Place    | Note
-------+----------+-------------------------------------------
     0 | D:1      | Atelerd the Octopode Earth Elementalist began the quest for
                  | the Orb.
     0 | D:1      | Reached XP level 1. HP: 11/11 MP: 3/3
    91 | D:1      | Reached XP level 2. HP: 16/17 MP: 1/5
   674 | D:1      | Reached XP level 3. HP: 21/21 MP: 4/6
  1460 | D:2      | Reached XP level 4. HP: 27/27 MP: 5/8
  2348 | D:3      | Found a faded altar of an unknown god.
  2521 | D:3      | Found a transporter.
  2523 | D:3      | Found a transporter.
  2523 | D:3      | Noticed a small abomination
  2601 | D:3      | Found a glowing drain.
  2613 | Sewer    | Entered a sewer
  2705 | Sewer    | Reached XP level 5. HP: 26/32 MP: 9/9
  2899 | Sewer    | Learned a level 4 spell: Petrify
  3243 | Sewer    | Reached XP level 6. HP: 29/37 MP: 8/11
  3402 | D:3      | Learned a level 4 spell: Olgreb's Toxic Radiance
  3945 | D:3      | Reached skill level 5 in Earth Magic
  4203 | D:3      | Found a one-way gate to the infinite horrors of the Abyss.
  4203 | D:3      | Noticed Venard's ghost (amateur MiFi)
  4323 | D:4      | Reached skill level 5 in Stealth
  4369 | D:4      | Found a shimmering altar of Xom.
  4565 | D:4      | Found a broken altar of Ashenzari.
  4607 | D:4      | Reached XP level 7. HP: 36/42 MP: 10/12
  5379 | D:4      | Found a hide-covered altar of Uskayaw.
  5419 | D:5      | Entered Level 5 of the Dungeon
  5509 | D:5      | Reached skill level 1 in Short Blades
  5584 | D:5      | Found a staircase to the Ecumenical Temple.
  5736 | Temple   | Entered the Ecumenical Temple
  6130 | D:5      | Reached XP level 8. HP: 23/47 MP: 2/15
  6435 | D:5      | Reached skill level 5 in Spellcasting
  6509 | D:6      | Noticed Prince Ribbit
  6534 | D:5      | Killed Prince Ribbit
  6754 | D:6      | Found Fyudu's Weapon Emporium.
  6870 | D:6      | Identified the +4 ring mail of Lifelessness {Fly rN+ Dex-3}
  6877 | D:6      | Found a snail-covered altar of Cheibriados.
  7017 | D:6      | Found a radiant altar of Vehumet.
  7088 | D:6      | Found a shimmering blue altar of Sif Muna.
  7414 | D:7      | Noticed Menkaure
  7423 | D:7      | Killed Menkaure
  7537 | D:7      | Reached XP level 9. HP: 52/52 MP: 16/21
  8583 | D:7      | Found a stormy altar of Qazlal.
  8882 | D:7      | Reached skill level 10 in Spellcasting
  8996 | D:7      | Found a basalt altar of Yredelemnul.
  9183 | D:7      | Found a sparkling altar of Nemelex Xobeh.
  9397 | D:6      | Became a worshipper of Sif Muna the Loreminder
  9721 | D:8      | Reached XP level 10. HP: 57/57 MP: 17/25
 10143 | D:8      | Noticed Maurice
 10385 | D:8      | Killed Maurice
 11260 | D:9      | Noticed a flayed ghost
 11268 | D:9      | Learned a level 4 spell: Airstrike
 11293 | D:9      | Killed a flayed ghost
 11294 | D:9      | Reached skill level 1 in Poison Magic
 11294 | D:9      | Reached skill level 1 in Invocations
 11322 | D:9      | Noticed an ogre mage
 11352 | D:9      | Killed an ogre mage
 11388 | D:9      | Noticed a boulder beetle
 11406 | D:10     | Entered Level 10 of the Dungeon
 11720 | D:10     | Found a flagged portal.
 11733 | Bailey   | Entered a bailey
 12013 | Bailey   | Reached * piety under Sif Muna
 12443 | D:10     | Reached XP level 11. HP: 62/62 MP: 18/27
 12609 | D:10     | Learned a level 6 spell: Iron Shot
 13082 | D:9      | Noticed a two-headed ogre
 13188 | D:10     | Reached skill level 1 in Fighting
 13269 | D:11     | Noticed a two-headed ogre
 13332 | D:11     | Killed a two-headed ogre
 13333 | D:11     | Reached skill level 1 in Conjurations
 13496 | D:11     | Found Pigasek's General Store.
 13507 | D:11     | Reached skill level 1 in Air Magic
 13507 | D:11     | Bought a scroll of teleportation for 42 gold pieces
 13636 | D:11     | Learned a level 6 spell: Statue Form
 13642 | D:11     | Learned a level 5 spell: Lee's Rapid Deconstruction
 13808 | D:11     | Noticed a boulder beetle
 13949 | D:11     | Killed a boulder beetle
 14162 | D:11     | Noticed a brown ugly thing
 14215 | D:11     | Killed a brown ugly thing
 14329 | D:11     | Found a staircase to the Lair.
 14538 | D:11     | Learned a level 4 spell: Summon Ice Beast
 14569 | D:12     | Noticed a catoblepas
 14587 | Lair:1   | Entered Level 1 of the Lair of Beasts
 14980 | Lair:1   | Reached skill level 5 in Transmutations
 15287 | Lair:1   | Reached XP level 12. HP: 64/72 MP: 20/28
 15383 | Lair:1   | Reached skill level 5 in Invocations
 16059 | Lair:2   | Noticed Sonja
 16068 | Lair:2   | Killed Sonja
 16114 | Lair:2   | Reached skill level 5 in Dodging
 16139 | Lair:2   | Reached ** piety under Sif Muna
 16672 | Lair:2   | Noticed Gastronok
 17735 | Lair:3   | Reached *** piety under Sif Muna
 17736 | Lair:3   | Reached skill level 5 in Short Blades
 17907 | Lair:3   | Noticed Rupert
 18011 | D:12     | Killed a catoblepas
 18126 | D:12     | Reached skill level 5 in Fighting
 18304 | D:12     | Found a runed translucent door.
 18321 | D:12     | Found a staircase to the Orcish Mines.
 18339 | D:12     | Reached skill level 10 in Earth Magic
 18343 | D:12     | Reached XP level 13. HP: 52/81 MP: 17/29
 18528 | D:12     | Reached **** piety under Sif Muna
 18655 | D:12     | Found the +10 tower shield of Ignorance {rN+ Int-4}
 19307 | D:9      | Noticed a stone giant
 19675 | D:12     | Found a runed translucent door.
 20510 | D:13     | Reached skill level 1 in Shields
 20813 | D:13     | Reached skill level 1 in Summonings
 20867 | D:13     | Found Emeroh's Armour Boutique.
 21711 | D:14     | Found a gate to the Vaults.
 21801 | D:14     | Learned a level 3 spell: Ignite Poison
 21807 | D:14     | Learned a level 5 spell: Freezing Cloud
 22045 | D:14     | Found a runed translucent door.
 22086 | D:14     | Found a runed translucent door.
 22088 | D:14     | Found a runed translucent door.
 22452 | D:14     | Reached skill level 1 in Fire Magic
 22452 | D:14     | Reached skill level 1 in Ice Magic
 22452 | D:14     | Reached skill level 1 in Evocations
 23005 | D:14     | Reached XP level 14. HP: 88/88 MP: 30/30
 23116 | D:14     | Identified the ring "Kuciceic" {rN+ Str+6}
 23121 | D:14     | Identified the ring "Midwosi" {Fly rElec rN+ rCorr Int+6}
 23132 | D:14     | Identified the ring "Kenut" {rPois rN+ Str+3}
 23137 | D:14     | Identified the ring of Meamirghi {rF+ rC+ Str+4 Dex+2}
 23354 | D:15     | Entered Level 15 of the Dungeon
 23453 | D:15     | Found a sacrificial altar of Ru.
 23580 | D:15     | Reached skill level 10 in Stealth
 23856 | D:15     | Reached skill level 5 in Shields
 23857 | D:15     | Noticed a dire elephant
 23872 | D:15     | Killed a dire elephant
 23878 | D:15     | Slain by a slime creature

Illustrated notes

Levels and vault maps discovered:
D:1:      heliophobic_arrival_ceremonial_halls, layout_rooms,
          minmay_misc_feat_rows, minmay_statues_item
D:2:      layout_basic, amcnicky_mini_pool_small
D:3:      layout_loops_corners, portal_sewer_entry_d, basic_ecumenical_altar,
          gammafunk_ghost_abyssal_escape, grunt_ministairs_9
D:4:      layout_loops_ring, kennysheep_mini, nicolae_ashenzari_skybound,
          mainiacjoe_overflow_six_doors_small, sigmund_army
D:5:      layout_basic, minmay_temple_entry_ruins
D:6:      layout_loops_ring, cheibriados_altar_1, nicolae_vehumet_radiance,
          mainiacjoe_overflow_alcove_1, serial_shops, nicolae_shop_crystal,
          hex_tiny, uniq_prince_ribbit1
D:7:      nicolae_cairo_tiling, layout_loops_corners, grunt_qazlal_clouds,
          lemuel_mausoleum_altar_yredelemnul, nemelex_diamond_rough_becter,
          uniq_menkaure
D:8:      layout_basic, nzn_wu_jian_contemplation, uniq_maurice
D:9:      layout_long_grid, nicolae_rejected_hall
D:10:     layout_long_grid, enter_bailey_5, kennysheep_generic_room_13
D:11:     layout_basic, erik_lair_island, serial_shops, shop
D:12:     layout_small_grid, hiddenorc2_lemuel,
          chequers_guarded_unrand_ignorance
D:13:     layout_loops_ring, serial_shops, kennysheep_mini_moat
D:14:     minmay_the_grid_triangle_9x9_rhombus_full
          [minmay_the_grid_triangle_9x9_subtriangle,
          minmay_the_grid_triangle_9x9_cache,
          minmay_the_grid_triangle_9x9_descending_squares,
          minmay_the_grid_triangle_9x9_longest,
          minmay_the_grid_triangle_9x9_tough_junction,
          minmay_the_grid_triangle_9x9_windchime,
          minmay_the_grid_triangle_9x9_checkered,
          minmay_the_grid_triangle_9x9_prize_special], layout_loops_corners,
          david_vaults_2, nicolae_lava_and_water
D:15:     hangedman_depths_entry_try_elsewhere_first, layout_irregular_city,
          nicolae_ru_sacrificial_ziggurat
Temple:   minmay_temple_bridge_abc
Lair:1:   layout_long_grid, serial_bayou_ford_a
Lair:2:   layout_cellular_growth, uniq_gastronok, uniq_sonja
Lair:3:   layout_roguey [special_room_bee], dummy_snake_entry,
          grunt_megastairs_4, uniq_rupert

Skill      XL: |  1  2  3  4  5  6  7  8  9 10 11 12 13 14 |
---------------+-------------------------------------------+-----
Stealth        | 3 4 5 6 8 9 10 | 10.4
Earth Magic    | 4 5 7 8 10 12 | 12.0
Spellcasting   | 3 4 8 11 12 | 12.4
Transmutations | 2 3 4 5 7 |  7.0
Short Blades   | 2 3 5 |  5.0
Poison Magic   | 3 |  3.1
Invocations    | 4 6 7 8 |  8.0
Fighting       | 2 5 |  5.0
Conjurations   | 3 |  3.0
Air Magic      | 2 3 |  3.0
Dodging        | 4 5 6 |  6.3
Shields        | 4 5 |  5.0
Summonings     | 2 |  2.0
Fire Magic     | 1 2 |  2.0
Ice Magic      | 1 2 |  2.5
Evocations     | 1 2 |  2.0

Action                   |  1- 3 |  4- 6 |  7- 9 | 10-12 | 13-15 || total
-------------------------+-------+-------+-------+-------+-------++-------
Melee: Dagger            |    25 |     9 |       |       |       ||    34
       Constrict         |    13 |    25 |    49 |    36 |    25 ||   148
       Tentacles         |     9 |    18 |    67 |   106 |    52 ||   252
       Unarmed           |     1 |       |       |       |       ||     1
       Short sword       |       |    91 |   237 |   305 |   149 ||   782
       Staff             |       |     3 |       |       |       ||     3
       Punch             |       |     1 |     2 |     7 |     2 ||    12
 Cast: Sandblast         |    37 |    45 |    86 |   136 |    74 ||   378
       Petrify           |       |       |    19 |   139 |    62 ||   220
       Olgreb's Toxic Ra |       |       |       |    29 |    16 ||    45
       Lee's Rapid Decon |       |       |       |     4 |    12 ||    16
       Statue Form       |       |       |       |     1 |    16 ||    17
       Airstrike         |       |       |       |       |     2 ||     2
       Ignite Poison     |       |       |       |       |     2 ||     2
Invok: Channel Magic     |       |       |       |     1 |       ||     1
       Forget Spell      |       |       |       |       |     2 ||     2
 Abil: End Transformatio |       |       |       |       |     1 ||     1
Evoke: Wand              |       |       |       |    10 |     2 ||    12
  Use: Potion            |       |     1 |     1 |     3 |     2 ||     7
       Scroll            |       |     2 |     5 |     4 |     6 ||    17
 Stab: Sleeping          |     1 |    17 |    16 |     5 |    16 ||    55
       Petrified         |       |       |    44 |   177 |    71 ||   292
       Petrifying        |       |       |     1 |     3 |     1 ||     5
Armor: Skin              |     2 |    13 |    54 |    44 |    99 ||   212
Dodge: Dodged            |    28 |   102 |   252 |   209 |   199 ||   790
